 Dungeon Crawl Stone Soup version 0.22-a0-247-gbddf880 (webtiles) character file.

21 Amnesiac the Charlatan (level 2, -1/16 HPs)
             Began as a Deep Elf Artificer on Feb 25, 2018.
             Slain by an adder (3 damage)
             ... on level 2 of the Dungeon.
             The game lasted 00:01:28 (986 turns).

Amnesiac the Charlatan (Deep Elf Artificer)          Turns: 986, Time: 00:01:29

Health: -1/16      AC:  3    Str:  9    XL:     2   Next: 62%
Magic:  7/7        EV: 12    Int: 15    God:
Gold:   58         SH:  0    Dex: 15    Spells: 1/1 levels left

rFire    . . .     SeeInvis .   b - +0 hunting sling
rCold    . . .     Gourm    .   (no shield)
rNeg     . . .     Faith    .   j - +0 leather armour
rPois    .         Spirit   .   (no helmet)
rElec    .         Reflect  .   (no cloak)
rCorr    .         Harm     .   (no gloves)
MR       .....                  (no boots)
Stlth    ++........             (no amulet)
HPRegen  0.05/turn              (no ring)
MPRegen  0.10/turn              (no ring)

@: lethally poisoned (-1 -> -15)
A: no striking features
a: no special abilities


You were on level 2 of the Dungeon.
You were not hungry.

You visited 1 branch of the dungeon, and saw 2 of its levels.

You collected 58 gold pieces.

Inventory:

Hand Weapons
 a - a +0 short sword
 b - a +0 hunting sling (weapon)
Missiles
 k - 36 stones
 l - 10 sling bullets (quivered)
Armour
 j - a +0 leather armour (worn)
Wands
 c - a wand of flame (8)
 d - a wand of enslavement (15)
 e - a wand of random effects (14)
Scrolls
 h - a scroll of remove curse {!r, unknown}
 n - a scroll of identify {!r, unknown}
Potions
 g - a potion of degeneration {!q, unknown}
 i - a potion of brilliance {!q, unknown}
Comestibles
 f - 5 rations
 m - a chunk of flesh


   Skills:
 - Level 0.7 Fighting
 - Level 1.0 Short Blades
 - Level 2.4 Dodging
 - Level 1.2 Stealth
 + Level 4.4 Evocations


You had one spell level left.
You didn't know any spells.

Dungeon Overview and Level Annotations

Branches:
Dungeon (2/15)

Altars:


Message History

You see here a rat skeleton. x2
A bat comes into view.
A bat is nearby!
A bat is nearby!
A bat is nearby!
Firing (i - inventory. (/) - cycle)
l - 16 sling bullets (quivered)
Press: ? - help, Shift-Dir - straight line, f - bat
Aim: a bat (resting)
You shoot a sling bullet. The sling bullet hits the bat!
You kill the bat!
No target in view!
No target in view!
No target in view!
An adder comes into view.
The adder hisses angrily.
Some of the chunks of flesh in your inventory have rotted away.
The adder is too close now for your liking.
An adder is nearby!
Firing (i - inventory. (/) - cycle)
l - 15 sling bullets (quivered)
Press: ? - help, Shift-Dir - straight line, f - adder
Aim: an adder You shoot a sling bullet.
The sling bullet barely misses the adder.
The adder closely misses you.
Firing (i - inventory. (/) - cycle)
l - 14 sling bullets (quivered)
Press: ? - help, Shift-Dir - straight line, f/p - adder
Aim: an adder You shoot a sling bullet.
The sling bullet hits the adder!
The adder is almost dead.
The adder bites you.
You are poisoned.
The adder poisons you! The adder closely misses you.
Firing (i - inventory. (/) - cycle)
l - 13 sling bullets (quivered)
Press: ? - help, Shift-Dir - straight line, f/p - adder
Aim: an adder (almost dead)
You shoot a sling bullet. The sling bullet misses the adder.
You feel sick. The adder barely misses you.
Firing (i - inventory. (/) - cycle)
l - 12 sling bullets (quivered)
Press: ? - help, Shift-Dir - straight line, f/p - adder
Aim: an adder (almost dead)
You shoot a sling bullet. The sling bullet hits the adder.
The adder is almost dead.
The adder bites you.
* * * LOW HITPOINT WARNING * * *
You are lethally poisoned!
The adder poisons you! The adder bites you.
* * * LOW HITPOINT WARNING * * *
Firing (i - inventory. (/) - cycle)
l - 11 sling bullets (quivered)
Press: ? - help, Shift-Dir - straight line, f/p - adder
Aim: an adder (almost dead)
You shoot a sling bullet. The sling bullet misses the adder.
* * * LOW HITPOINT WARNING * * *
You feel sick. The adder bites you.
* * * LOW HITPOINT WARNING * * *
You are more poisoned.
The adder poisons you! The adder barely misses you.
Evoke which item? (* to show all) (? for menu, Esc to quit)
Aiming: Throw Flame
Press: ? - help, Shift-Dir - straight line, f/p - adder
Aim: an adder (almost dead)
The puff of flame misses the adder.
* * * LOW HITPOINT WARNING * * *
You feel sick. The adder bites you.
You die...

.#.....
.......
..†....
.......
#..... #....
###...###
#(...S@.# .
#.##.##.#
..##.##.##.#
......##.#
#.#...#.#
#.......#
#.......#
###..####
##.#.###


You could see an adder.

Vanquished Creatures
  A dart slug (D:1)
  A leopard gecko (D:1)
  2 giant cockroaches
  3 goblins
  2 hobgoblins (D:1)
  2 kobolds (D:2)
  A bat (D:2)
  2 frilled lizards
  3 rats
17 creatures vanquished.

Notes
Turn   | Place    | Note
-------+----------+-------------------------------------------
     0 | D:1      | Amnesiac the Deep Elf Artificer began the quest for the Orb.
     0 | D:1      | Reached XP level 1. HP: 11/11 MP: 5/5
   375 | D:1      | Reached skill level 4 in Evocations
   375 | D:1      | Reached XP level 2. HP: 9/16 MP: 7/7
   986 | D:2      | Slain by an adder

Vault maps used:
D:1:      minmay_arrival_widening_spiral_wide
D:2:      bloody_trog, chequers_ecumenical_altar_simple,
          minmay_misc_feat_ornament, minmay_misc_feat_columns, uniq_terence,
          uniq_robin

Skill      XL: |  1 |
---------------+----+-----
Evocations     | 4 |  4.4
Fighting       | |  0.7
Short Blades   | |  1.0
Dodging        | |  2.4
Stealth        | |  1.2

Action                   || total
-------------------------++-------
Melee: Short sword       ||    32
 Fire: Hunting sling     ||    23
Evoke: Wand              ||     8
Armor: Leather armour    ||     5
Dodge: Dodged            ||    28

Table legend:
 A = Spawn XP
 B = Non-spawn XP
 C = Spawn XP percentage of total XP
 D = Spawn monster count
 E = Non-spawn monster count
 F = Spawn count percentage of total count
 G = Total turns spent on level
                    A         B        C        D         E        F      G
               +---------+---------+-------+---------+---------+-------+---------
         Total |       0 |      30 |   0.0 |       0 |      17 |   0.0 |   986
               +---------+---------+-------+---------+---------+-------+---------
           D:1 |       0 |      20 |   0.0 |       0 |      10 |   0.0 |   831
           D:2 |       0 |      10 |   0.0 |       0 |       7 |   0.0 |   155
               +---------+---------+-------+---------+---------+-------+---------
